 Dungeon Crawl Stone Soup version 0.29.1-2-gbd0b4ee654 (webtiles) character file.

Game seed: 2060819228424692569

590 Lutefisk the Gusty (level 7, 0/43 HPs)
             Began as a Tengu Air Elementalist on Nov 15, 2022.
             Slain by a two-headed ogre
             ... wielding a +0 giant spiked club
              (40 damage)
             ... on level 4 of the Dungeon.
             The game lasted 00:20:10 (2346 turns).

Lutefisk the Gusty (Tengu Air Elementalist)         Turns: 2346, Time: 00:20:10

Health: 0/43       AC:  5    Str:  8    XL:     7   Next: 38%
Magic:  1/12       EV: 14    Int: 17    God:
Gold:   305        SH:  0    Dex: 15    Spells: 2/12 levels left

rFire   . . .      SeeInvis .   s - staff of conjuration
rCold   . . .      Faith    .   (no shield)
rNeg    . . .      Spirit   .   l - +1 leather armour {Will+}
rPois   .          Reflect  .   (helmet restricted)
rElec   .          Harm     .   (no cloak)
rCorr   .          Rampage  .   m - +0 pair of gloves
Will    +....                   (boots unavailable)
Stlth   ++........              (no amulet)
HPRegen 0.14/turn               (no ring)
MPRegen 0.13/turn               (no ring)

@: swift (expiring), flying quickly and evasively, very quick
A: beak, talons 3, nimble flight
a: no special abilities


You were on level 4 of the Dungeon.
You visited 1 branch of the dungeon, and saw 5 of its levels.

You collected 305 gold pieces.

Inventory:

Hand Weapons
 a - the +1 whip of Washima {vorpal, rElec rPois Int-4 Dex+6}
   (You found it on level 3 of the Dungeon)

   It inflicts extra damage upon your enemies.
   Int:       It affects your intelligence (-4).
   Dex:       It affects your dexterity (+6).
   rElec:     It insulates you from electricity.
   rPois:     It protects you from poison.
 k - a +0 spear
Missiles
 v - 3 boomerangs of dispersal
Armour
 l - a +1 leather armour of willpower (worn)
 m - a +0 pair of gloves (worn)
Magical Staves
 s - a staff of conjuration (weapon)
Scrolls
 i - a scroll of teleportation {unknown}
 j - 5 scrolls of identify {unknown}
 n - a scroll of summoning {unknown}
 o - 2 scrolls of vulnerability {unknown}
 q - 2 scrolls of fear {unknown}
 r - 2 scrolls of silence {unknown}
 t - a scroll of immolation {unknown}
 u - a scroll of magic mapping {unknown}
 w - a scroll of amnesia {unknown}
 y - a scroll of acquirement {unknown}
 z - a scroll of butterflies {unknown}
Potions
 b - a potion of magic
 c - a potion of degeneration {unknown}
 d - a potion of lignification {unknown}
 e - a potion of might {unknown}
 f - 3 potions of heal wounds {unknown}
 g - 2 potions of curing {unknown}
 h - a potion of berserk rage {unknown}
 p - 2 potions of haste {unknown}
 x - a potion of ambrosia {unknown}


   Skills:
 - Level 4.0 Fighting
 - Level 2.0 Armour
 - Level 2.1 Dodging
 - Level 2.0 Stealth
 - Level 3.0 Spellcasting
 - Level 3.0 Conjurations
 * Level 7.6 Air Magic
 - Level 1.0 Evocations


You had 2 spell levels left.
You knew the following spells:

 Your Spells              Type           Power      Damage    Failure   Level
a - Shock                 Conj/Air       100%       1d9       2%          1
b - Static Discharge      Conj/Air       30%        3-7/arc   4%          2
c - Swiftness             Air            28%        N/A       3%          3
d - Airstrike             Air            14%        2d(2-18)  11%         4

Your spell library contained the following spells:

 Spells                   Type           Power      Damage    Failure   Level
 Slow                     Hex            8%         N/A       24%         1
 Ensorcelled Hibernation  Hex/Ice        4%         N/A       36%         2
 Passwall                 Tmut/Erth      1%         N/A       36%         2
 Confusing Touch          Hex            2%         N/A       58%         3
 Gell's Gravitas          Tloc           2%         N/A       58%         3
 Spider Form              Tmut/Pois      2%         N/A       58%         3
 Teleport Other           Tloc           2%         N/A       58%         3
 Vampiric Draining        Necr           2%         2d6       58%         3
 Anguish                  Hex/Necr       1%         N/A       94%         4
 Dispersal                Tloc           1%         N/A       100%        6


Dungeon Overview and Level Annotations

Branches:
Dungeon (5/15)
 Temple: D:4-7

Altars:


Innate Abilities, Weirdness & Mutations

You have a beak for a mouth.
You have claws for feet.
Your magical nature lets you fly swiftly and evasively.


Message History

Casting: Shock (safe; 2% risk of failure)
Confirm with . or Enter, or press ? or * to list all spells.
Aiming: Shock (safe; 2% risk of failure)
Press: ? - help, Shift-Dir - straight line, f - orc, p - two-headed ogre
Aim: an orc, wielding a +2 short sword of draining and wearing a +0 ring mail (77% to hit)
You feel a surge of power!
The zap hits the two-headed ogre.
The two-headed ogre is severely wounded.
The zap hits the wight.
The wight is moderately damaged.
The zap hits the orc but does no damage.
You start to feel a little slower.
Casting: Shock (safe; 2% risk of failure)
Confirm with . or Enter, or press ? or * to list all spells.
Aiming: Shock (safe; 2% risk of failure)
Press: ? - help, Shift-Dir - straight line, f/p - orc
Aim: an orc, wielding a +2 short sword of draining and wearing a +0 ring mail (77% to hit)
You feel a surge of power!
The zap hits the two-headed ogre.
The two-headed ogre is severely wounded.
The zap hits the orc.
You kill the orc!
Casting: Shock (safe; 2% risk of failure)
Confirm with . or Enter, or press ? or * to list all spells.
Aiming: Shock (safe; 2% risk of failure)
Press: ? - help, Shift-Dir - straight line You feel a surge of power!
The zap hits the two-headed ogre.
The two-headed ogre is severely wounded.
The zap hits the two-headed ogre.
The two-headed ogre is severely wounded.
Casting: Shock (safe; 2% risk of failure)
Confirm with . or Enter, or press ? or * to list all spells.
You feel a surge of power!
The two-headed ogre is struck by an arc of lightning!
The two-headed ogre is almost dead.
You are struck by an arc of lightning.
The two-headed ogre is struck by an arc of lightning.
The two-headed ogre is almost dead.
The lightning grounds out.
The two-headed ogre hits you with a +0 giant spiked club!!!
Ouch! That really hurt!
You die...

...######.#####............#####.
...##...###.##......>.######.....
...#..#..#...##.......# #.####
.(.#.###..o#.##.......# ##.#
...#.#.#####O##.......# #..#
.###..#.# #.#......### #.##
..##.###.# .o######## #.# ...#..#
## #.##### ##.# ...#.## ..#..@##
#..# ####o.# ?####.O##### #.##
#.##### # ##.z...####.## #.#...#
#####.).....##### ##O#...#
.###### ######....... ###..#...#
.......### #.##.... >(.......#
#.>.## #z#..... ..###.#####
###..#####o#.#### ###
#.....##########.#.z...#.#


You could see a two-headed ogre and a wight.

Vanquished Creatures
  An ogre (D:5)
  A scorpion (D:5)
  4 wights (D:4)
  A howler monkey (D:5)
  A jelly (D:4)
  A hound (D:5)
  An iguana (D:3)
  3 adders
  3 worms
  9 orcs
  6 bats
  3 endoplasms
  6 giant cockroaches
  6 goblins
  6 hobgoblins
  4 jackals (D:4)
  6 kobolds
  2 quokkas
  6 ball pythons
  A frilled lizard (D:1)
  10 rats
81 creatures vanquished.

Vanquished Creatures (others)
  6 plants (D:1)
6 creatures vanquished.

Grand Total: 87 creatures vanquished

Notes
Turn   | Place    | Note
-------+----------+-------------------------------------------
     0 | D:1      | Lutefisk the Tengu Air Elementalist began the quest for the
                  | Orb.
     0 | D:1      | Reached XP level 1. HP: 10/10 MP: 4/4
    43 | D:1      | Reached skill level 1 in Fighting
    63 | D:1      | Reached XP level 2. HP: 11/16 MP: 0/6
   298 | D:1      | Reached XP level 3. HP: 22/22 MP: 2/7
   439 | D:2      | Learned a level 2 spell: Static Discharge
   443 | D:2      | Learned a level 3 spell: Swiftness
   538 | D:2      | Found a faded altar of an unknown god.
   576 | D:2      | You fall into a shaft and drop 1 floor!
   678 | D:3      | Reached XP level 4. HP: 21/28 MP: 2/8
   688 | D:3      | Identified the +1 whip of Washima {vorpal, rElec rPois
                  | Int-4 Dex+6}
  1183 | D:3      | Reached skill level 1 in Armour
  1467 | D:4      | Reached skill level 5 in Air Magic
  1467 | D:4      | Gained mutation: Your magical nature lets you fly swiftly
                  | and evasively. [Tengu growth]
  1467 | D:4      | Reached XP level 5. HP: 32/32 MP: 6/9
  1634 | D:5      | Entered Level 5 of the Dungeon
  1647 | D:5      | Noticed an ogre
  1733 | D:5      | Reached skill level 6 in Air Magic
  1733 | D:5      | Reached XP level 6. HP: 21/37 MP: 0/11
  1805 | D:5      | Learned a level 4 spell: Airstrike
  2130 | D:4      | Reached skill level 7 in Air Magic
  2130 | D:4      | Reached XP level 7. HP: 43/43 MP: 6/12
  2160 | D:4      | Reached skill level 1 in Evocations
  2279 | D:4      | Noticed a two-headed ogre
  2346 | D:4      | Slain by a two-headed ogre

Illustrated notes

Levels and vault maps discovered:
D:1:      dpeg_arrival_rooms_b, layout_loops_cross, minivault_26,
          serial_bayou_pond_b, serial_bayou_pond_e
D:2:      layout_loops_ring, hellmonk_ecumenical_altar_crossroads
D:3:      layout_basic
D:4:      layout_rooms, minmay_small_thing
D:5:      layout_basic

Skill      XL: |  1  2  3  4  5  6  7 |
---------------+----------------------+-----
Fighting       | 1 2 3 4 |  4.0
Conjurations   | 2 3 |  3.0
Armour         | 1 2 |  2.0
Air Magic      | 5 6 7 |  7.6
Spellcasting   | 3 |  3.0
Evocations     | 1 |  1.0
Dodging        | |  2.1
Stealth        | |  2.0

Action                   |  1- 3 |  4- 6 |  7- 9 || total
-------------------------+-------+-------+-------++-------
Melee: Club              |    19 |       |       ||    19
       Kick              |    11 |    10 |       ||    21
       Peck              |     3 |     6 |       ||     9
       Spear             |    27 |       |       ||    27
       Whip              |       |    36 |       ||    36
       Staff             |       |     2 |       ||     2
 Cast: Shock             |    51 |    61 |    15 ||   127
       Static Discharge  |       |       |     3 ||     3
       Swiftness         |       |       |     1 ||     1
 Stab: Sleeping          |     1 |     2 |       ||     3
       Distracted        |       |     1 |       ||     1
Armor: Robe              |    19 |       |       ||    19
       Leather armour    |       |    10 |     1 ||    11
Dodge: Dodged            |    28 |    33 |     2 ||    63
